PBL
NIAGARA FALLS PHANTOMS @ COLUMBUS REDS
08/17/2046
 
TOP OF THE 1ST
Niagara Falls Phantoms batting - Pitching for Columbus Reds : RHP Hugo Pirir
Pitching: RHP Hugo Pirir
Batting: LHB Carlos Palau 0-0: Called Strike
0-1: Foul Ball, location: 2F
0-2: Foul Ball, location: 2F
0-2: Ball
1-2: Strikes out looking
Batting: RHB Jesus Ruiz 0-0: Called Strike
0-1: Swinging Strike
0-2: Ball
1-2: Ball
2-2: SINGLE (Line Drive, 8LS, EV 86.9 MPH)
Batting: LHB Justin Short 0-0: SINGLE (Line Drive, 34D, EV 99.4 MPH)
Jesus Ruiz to second
Batting: RHB Paul Ngumi 0-0: Fly out, F8 (Line Drive, 8RD, EV 96.9 MPH)
Batting: RHB Yasuoka Tsuda 0-0: Hit by Pitch
Jesus Ruiz to third
Justin Short to second
Batting: RHB Ken Stair 0-0: Fly out, F4 (Popup, 23, EV 80.6 MPH)
Top of the 1st over - 0 runs, 2 hits, 0 errors, 3 left on base; Niagara Falls 0 - Columbus 0
BOTTOM OF THE 1ST
Columbus Reds batting - Pitching for Niagara Falls Phantoms : RHP Yoshida Abe
Pitching: RHP Yoshida Abe
Batting: RHB Alex de Leon 0-0: Ball
1-0: Foul Ball, location: 2F
1-1: Foul Ball, location: 2F
1-2: Ball
2-2: Strikes out looking
Batting: RHB Ernie Maldonado 0-0: DOUBLE (Flyball, 89D, EV 94.4 MPH)
Batting: RHB Aaron Barraza 0-0: SINGLE (Line Drive, 89S, EV 96.9 MPH)
Ernie Maldonado to third
Runner from 3rd tries for Home, SAFE, throw by CF to home
Aaron Barraza to second
Batting: RHB Ben Burkholder 0-0: Fly out, F7 (Flyball, 78M, EV 87.5 MPH)
Batting: SHB Cesar Pelayo 0-0: Ball
1-0: SINGLE (Groundball, 56S, EV 68.8 MPH) (infield hit)
Aaron Barraza to third
Batting: LHB Jamie Spangenberg 0-0: Ball
Wild Pitch!
Aaron Barraza scores
Cesar Pelayo to second
1-0: Ball
2-0: Ball
3-0: Called Strike
3-1: Foul Ball, location: 2F
3-2: Foul Ball, location: 2F
3-2: 2-RUN HOME RUN (Flyball, 9LD, EV 92.5 MPH), Distance : 358 ft
Batting: RHB Ch'ang-chieh Hsia 0-0: Ground out 6-3 (Groundball, 6, EV 105.0 MPH)
Bottom of the 1st over - 4 runs, 4 hits, 0 errors, 0 left on base; Niagara Falls 0 - Columbus 4
TOP OF THE 2ND
Niagara Falls Phantoms batting - Pitching for Columbus Reds : RHP Hugo Pirir
Batting: RHB Tchaa Kombate 0-0: Foul Ball, location: 2F
0-1: Swinging Strike
0-2: Strikes out looking
Batting: LHB Dave Ortiz 0-0: Ball
1-0: Reached on error, E4 (Groundball, 4, EV 88.8 MPH)
Batting: RHB Arturo Gomez 0-0: Called Strike
0-1: Ball
1-1: Called Strike
1-2: Ball
2-2: Ball
3-2: Fly out, F9 (Flyball, 89M, EV 88.1 MPH)
Batting: LHB Carlos Palau 0-0: Called Strike
0-1: Called Strike
0-2: Strikes out looking
Top of the 2nd over - 0 runs, 0 hits, 1 error, 1 left on base; Niagara Falls 0 - Columbus 4
BOTTOM OF THE 2ND
Columbus Reds batting - Pitching for Niagara Falls Phantoms : RHP Yoshida Abe
Batting: LHB Jose Cruz 0-0: Swinging Strike
0-1: Ball
1-1: Swinging Strike
1-2: Strikes out swinging
Batting: LHB Mike Becerra 0-0: Ball
1-0: Swinging Strike
1-1: Ball
2-1: Called Strike
2-2: Ball
3-2: Strikes out swinging
Batting: RHB Alex de Leon 0-0: Ball
1-0: Foul Ball, location: 2F
1-1: Ball
2-1: Ball
3-1: Foul Ball, location: 2F
3-2: Strikes out looking
Bottom of the 2nd over - 0 runs, 0 hits, 0 errors, 0 left on base; Niagara Falls 0 - Columbus 4
TOP OF THE 3RD
Niagara Falls Phantoms batting - Pitching for Columbus Reds : RHP Hugo Pirir
Batting: RHB Jesus Ruiz 0-0: Ball
1-0: SINGLE (Groundball, 6MD, EV 94.4 MPH)
Batting: LHB Justin Short 0-0: Called Strike
0-1: Called Strike
0-2: Ball
1-2: Ball
2-2: Ball
3-2: Strikes out looking
Batting: RHB Paul Ngumi 0-0: Swinging Strike
0-1: Ball
1-1: Ball
2-1: Ball
3-1: Foul Ball, location: 2F
3-2: Base on Balls
Jesus Ruiz to second
Batting: RHB Yasuoka Tsuda 0-0: Ball
1-0: Ball
2-0: Ball
3-0: Called Strike
3-1: Foul Ball, location: 2F
3-2: Strikes out swinging
Batting: RHB Ken Stair 0-0: Swinging Strike
0-1: Fly out, F3 (Popup, 3SF, EV 80.0 MPH)
Top of the 3rd over - 0 runs, 1 hit, 0 errors, 2 left on base; Niagara Falls 0 - Columbus 4
BOTTOM OF THE 3RD
Columbus Reds batting - Pitching for Niagara Falls Phantoms : RHP Yoshida Abe
Batting: RHB Ernie Maldonado 0-0: Swinging Strike
0-1: Foul Ball, location: 2F
0-2: DOUBLE (Groundball, 5L, EV 100.0 MPH)
Batting: RHB Aaron Barraza 0-0: Ball
1-0: Ball
2-0: Ground out 1-3 (Groundball, 15, EV 68.1 MPH)
Batting: RHB Ben Burkholder 0-0: Ball
1-0: Ball
2-0: Ball
3-0: Called Strike
3-1: Foul Ball, location: 2F
3-2: Strikes out swinging
Batting: SHB Cesar Pelayo 0-0: Ball
1-0: Ball
2-0: 2-RUN HOME RUN (Flyball, 9D, EV 100.0 MPH), Distance : 394 ft
Batting: LHB Jamie Spangenberg 0-0: Ball
1-0: DOUBLE (Flyball, 89D, EV 105.0 MPH)
Pitching: RHP Gary Salazar
Batting: RHB Ch'ang-chieh Hsia 0-0: Foul Ball, location: 2F
0-1: Foul Ball, location: 2F
0-2: Foul Ball, location: 2F
0-2: Strikes out swinging
Bottom of the 3rd over - 2 runs, 3 hits, 0 errors, 1 left on base; Niagara Falls 0 - Columbus 6
TOP OF THE 4TH
Niagara Falls Phantoms batting - Pitching for Columbus Reds : RHP Hugo Pirir
Batting: RHB Tchaa Kombate 0-0: Ball
1-0: Ball
2-0: Called Strike
2-1: Foul Ball, location: 2F
2-2: Foul Ball, location: 2F
2-2: Foul Ball, location: 2F
2-2: Ball
3-2: Foul Ball, location: 2F
3-2: SINGLE (Groundball, 56D, EV 99.4 MPH)
Batting: LHB Dave Ortiz 0-0: Called Strike
0-1: Fly out, F8 (Flyball, 8LD, EV 90.6 MPH)
Batting: RHB Arturo Gomez 0-0: Called Strike
0-1: Ball
1-1: Fly out, F9 (Flyball, 89S, EV 93.8 MPH)
Batting: LHB Carlos Palau 0-0: Ball
1-0: Swinging Strike
1-1: Ground out 4-3 (Groundball, 4, EV 79.4 MPH)
Top of the 4th over - 0 runs, 1 hit, 0 errors, 1 left on base; Niagara Falls 0 - Columbus 6
BOTTOM OF THE 4TH
Columbus Reds batting - Pitching for Niagara Falls Phantoms : RHP Gary Salazar
Batting: LHB Jose Cruz 0-0: Ball
1-0: Swinging Strike
1-1: Ball
2-1: Foul Ball, location: 2F
2-2: Ball
3-2: Ground out 3-1 (Groundball, 34, EV 88.8 MPH)
Batting: LHB Mike Becerra 0-0: Ball
1-0: Called Strike
1-1: Ball
2-1: Foul Ball, location: 2F
2-2: Strikes out swinging
Batting: RHB Alex de Leon 0-0: Called Strike
0-1: Ball
1-1: Swinging Strike
1-2: Ball
2-2: Strikes out swinging
Bottom of the 4th over - 0 runs, 0 hits, 0 errors, 0 left on base; Niagara Falls 0 - Columbus 6
TOP OF THE 5TH
Niagara Falls Phantoms batting - Pitching for Columbus Reds : RHP Hugo Pirir
Batting: RHB Jesus Ruiz 0-0: Foul Ball, location: 2F
0-1: Ground out 6-3 (Groundball, 6, EV 89.4 MPH)
Batting: LHB Justin Short 0-0: SOLO HOME RUN (Flyball, 9LD, EV 93.8 MPH), Distance : 362 ft
Batting: RHB Paul Ngumi 0-0: Ball
1-0: Ball
2-0: Foul Ball, location: 2F
2-1: Foul Ball, location: 2F
2-2: Ball
3-2: Foul Ball, location: 2F
3-2: Strikes out swinging
Batting: RHB Yasuoka Tsuda 0-0: Swinging Strike
0-1: SOLO HOME RUN (Flyball, 89XD, EV 99.4 MPH), Distance : 424 ft
Batting: RHB Ken Stair 0-0: DOUBLE (Line Drive, 9LS, EV 108.1 MPH)
Batting: RHB Tchaa Kombate 0-0: Ball
1-0: Foul Ball, location: 2F
1-1: Foul Ball, location: 2F
1-2: Strikes out swinging
Top of the 5th over - 2 runs, 3 hits, 0 errors, 1 left on base; Niagara Falls 2 - Columbus 6
BOTTOM OF THE 5TH
Columbus Reds batting - Pitching for Niagara Falls Phantoms : RHP Gary Salazar
Batting: RHB Ernie Maldonado 0-0: Ball
1-0: Ball
2-0: Called Strike
2-1: Foul Ball, location: 2F
2-2: Foul Ball, location: 2F
2-2: Strikes out swinging
Batting: RHB Aaron Barraza 0-0: Ball
1-0: Swinging Strike
1-1: Ball
2-1: Called Strike
2-2: Ball
3-2: Fly out, F8 (Line Drive, 8LM, EV 98.1 MPH)
Batting: RHB Ben Burkholder 0-0: Ball
1-0: Ball
2-0: Ball
3-0: Base on Balls
Batting: SHB Cesar Pelayo 0-0: Ball
1-0: Ball
2-0: Ball
3-0: Foul Ball, location: 2F
3-1: Swinging Strike
3-2: Strikes out swinging
Bottom of the 5th over - 0 runs, 0 hits, 0 errors, 1 left on base; Niagara Falls 2 - Columbus 6
TOP OF THE 6TH
Niagara Falls Phantoms batting - Pitching for Columbus Reds : RHP Hugo Pirir
Batting: LHB Dave Ortiz 0-0: Ball
1-0: Ball
2-0: Fly out, F9 (Flyball, 9, EV 81.2 MPH)
Batting: RHB Arturo Gomez 0-0: Ground out 6-3 (Groundball, 6, EV 99.4 MPH)
Batting: LHB Carlos Palau 0-0: Swinging Strike
0-1: Ball
1-1: Hit by Pitch
Batting: RHB Jesus Ruiz 0-0: Called Strike
Carlos Palau is caught stealing 2nd base 2-4
Top of the 6th over - 0 runs, 0 hits, 0 errors, 0 left on base; Niagara Falls 2 - Columbus 6
BOTTOM OF THE 6TH
Columbus Reds batting - Pitching for Niagara Falls Phantoms : RHP Gary Salazar
Pitching: RHP Manny de la Cruz
Batting: LHB Jamie Spangenberg 0-0: Ball
1-0: Reached on error, E6 (Groundball, 6, EV 80.0 MPH)
Batting: RHB Ch'ang-chieh Hsia 0-0: Ball
1-0: Ball
2-0: Ball
3-0: Called Strike
3-1: Foul Ball, location: 2F
3-2: Strikes out swinging
Batting: LHB Jose Cruz 0-0: Fly out, F5 (Popup, 5S, EV 85.0 MPH)
Batting: LHB Mike Becerra 0-0: Ball
1-0: Fly out, F7 (Flyball, 7LSF, EV 95.0 MPH)
Bottom of the 6th over - 0 runs, 0 hits, 1 error, 1 left on base; Niagara Falls 2 - Columbus 6
TOP OF THE 7TH
Niagara Falls Phantoms batting - Pitching for Columbus Reds : RHP Hugo Pirir
Now in RF: Tim Kirk
Batting: RHB Jesus Ruiz 0-0: Called Strike
0-1: Ball
1-1: Ball
2-1: Swinging Strike
2-2: Strikes out looking
Batting: LHB Justin Short 0-0: Ball
1-0: Ball
2-0: Foul Ball, location: 2F
2-1: Fly out, F8 (Flyball, 8RM, EV 78.8 MPH)
Batting: RHB Paul Ngumi 0-0: Ball
1-0: Ball
2-0: Called Strike
2-1: Foul Ball, location: 2F
2-2: Foul Ball, location: 2F
2-2: Strikes out swinging, 2-3 out at first.
Top of the 7th over - 0 runs, 0 hits, 0 errors, 0 left on base; Niagara Falls 2 - Columbus 6
BOTTOM OF THE 7TH
Columbus Reds batting - Pitching for Niagara Falls Phantoms : RHP Manny de la Cruz
Batting: RHB Alex de Leon 0-0: Called Strike
0-1: Fly out, F3 (Popup, 34, EV 71.9 MPH)
Batting: RHB Ernie Maldonado 0-0: Ball
1-0: Ball
2-0: Ball
3-0: Base on Balls
Batting: RHB Aaron Barraza 0-0: Called Strike
0-1: Ball
1-1: 2-RUN HOME RUN (Flyball, 9D, EV 104.4 MPH), Distance : 390 ft
Batting: RHB Ben Burkholder 0-0: Foul Ball, location: 2F
0-1: Ball
1-1: Foul Ball, location: 2F
1-2: Strikes out looking
Batting: SHB Cesar Pelayo 0-0: Ball
1-0: Ball
2-0: Foul Ball, location: 2F
2-1: Fly out, F9 (Flyball, 9D, EV 92.5 MPH)
Bottom of the 7th over - 2 runs, 1 hit, 0 errors, 0 left on base; Niagara Falls 2 - Columbus 8
TOP OF THE 8TH
Niagara Falls Phantoms batting - Pitching for Columbus Reds : RHP Hugo Pirir
Batting: RHB Yasuoka Tsuda 0-0: Called Strike
0-1: Ball
1-1: Ball
2-1: Foul Ball, location: 2F
2-2: Foul Ball, location: 2F
2-2: Foul Ball, location: 2F
2-2: Ball
3-2: Strikes out swinging
Batting: RHB Ken Stair 0-0: Ball
1-0: Ball
2-0: Called Strike
2-1: Foul Ball, location: 2F
2-2: Ball
3-2: Strikes out swinging
Pinch Hitting: LHB Danny de Leon 0-0: Ball
1-0: Ball
2-0: Ground out 4-3 (Groundball, 4, EV 104.4 MPH)
Top of the 8th over - 0 runs, 0 hits, 0 errors, 0 left on base; Niagara Falls 2 - Columbus 8
BOTTOM OF THE 8TH
Columbus Reds batting - Pitching for Niagara Falls Phantoms : RHP Manny de la Cruz
Now in RF: Danny de Leon
Batting: LHB Tim Kirk 0-0: Foul Ball, location: 2F
0-1: Foul Ball, location: 2F
0-2: Ball
1-2: Ball
2-2: Fly out, F5 (Line Drive, 5L, EV 75.6 MPH)
Batting: RHB Ch'ang-chieh Hsia 0-0: Swinging Strike
0-1: Ball
1-1: Foul Ball, location: 2F
1-2: Ball
2-2: Ball
3-2: Foul Ball, location: 2F
3-2: Ground out 6-3 (Groundball, 6, EV 80.6 MPH)
Batting: LHB Jose Cruz 0-0: Foul Ball, location: 2F
0-1: Called Strike
0-2: Ball
1-2: Ball
2-2: Ball
3-2: SINGLE (Groundball, 6MD, EV 110.6 MPH)
Batting: LHB Mike Becerra 0-0: Called Strike
0-1: Ground out U3 (Groundball, 3S, EV 85.0 MPH)
Bottom of the 8th over - 0 runs, 1 hit, 0 errors, 1 left on base; Niagara Falls 2 - Columbus 8
TOP OF THE 9TH
Niagara Falls Phantoms batting - Pitching for Columbus Reds : RHP Hugo Pirir
Batting: LHB Dave Ortiz 0-0: Reached via error on a dropped throw from 1B, E1 (Groundball, 34, EV 91.9 MPH)
Batting: RHB Arturo Gomez 0-0: Ground out 6-3 (Groundball, 6S, EV 71.9 MPH)
Dave Ortiz to second
Batting: LHB Carlos Palau 0-0: Swinging Strike
0-1: Ball
1-1: Foul Ball, location: 2F
1-2: Ball
2-2: SINGLE (Groundball, 4MS, EV 65.0 MPH) (infield hit)
Dave Ortiz to third
Batting: RHB Jesus Ruiz 0-0: Ball
1-0: SINGLE (Line Drive, 8LS, EV 101.9 MPH)
Dave Ortiz scores
Carlos Palau to second
Pitching: RHP Guang Jue
Batting: LHB Justin Short 0-0: Ball
1-0: Foul Ball, location: 2F
1-1: Ball
2-1: Ball
3-1: Swinging Strike
3-2: Foul Ball, location: 2F
3-2: Base on Balls
Carlos Palau to third
Jesus Ruiz to second
Batting: RHB Paul Ngumi 0-0: Swinging Strike
0-1: GRAND SLAM HOME RUN (Flyball, 7D, EV 100.0 MPH), Distance : 396 ft
Batting: RHB Yasuoka Tsuda 0-0: Foul Ball, location: 2F
0-1: Foul Ball, location: 2F
0-2: Ball
1-2: Ball
2-2: Ball
3-2: Foul Ball, location: 2F
3-2: Base on Balls
Batting: RHB Ken Stair 0-0: SINGLE (Line Drive, 89S, EV 103.8 MPH)
Yasuoka Tsuda to second
Runner from 2nd tries for 3rd, SAFE, throw by RF made to third
Batting: LHB Danny de Leon 0-0: Called Strike
0-1: Ball
1-1: Ball
2-1: Foul Ball, location: 2F
2-2: Foul Ball, location: 2F
2-2: Strikes out swinging
Batting: LHB Dave Ortiz 0-0: Called Strike
0-1: Foul Ball, location: 2F
0-2: Ball
1-2: Foul Ball, location: 2F
1-2: Ball
2-2: Foul Ball, location: 2F
2-2: Ball
3-2: Foul Ball, location: 2F
3-2: DOUBLE (Flyball, 8LD, EV 108.8 MPH)
Yasuoka Tsuda scores
Ken Stair to third
Ken Stair scores
Batting: RHB Arturo Gomez 0-0: Called Strike
0-1: Swinging Strike
0-2: Ball
1-2: Strikes out looking
Top of the 9th over - 7 runs, 5 hits, 1 error, 1 left on base; Niagara Falls 9 - Columbus 8
BOTTOM OF THE 9TH
Columbus Reds batting - Pitching for Niagara Falls Phantoms : RHP Manny de la Cruz
Pitching: RHP Matt Elliott
Batting: RHB Alex de Leon 0-0: Ball
1-0: Called Strike
1-1: Ball
2-1: Ball
3-1: Foul Ball, location: 2F
3-2: Foul Ball, location: 2F
3-2: Base on Balls
Batting: RHB Ernie Maldonado 0-0: Ball
Alex de Leon is caught stealing 2nd base 2-4
1-0: Called Strike
1-1: Foul Ball, location: 2F
1-2: Ground out 6-3 (Groundball, 56, EV 94.4 MPH)
Batting: RHB Aaron Barraza 0-0: Called Strike
0-1: Ball
1-1: Foul Ball, location: 2F
1-2: SINGLE (Groundball, 6MD, EV 100.6 MPH)
Batting: RHB Ben Burkholder 0-0: Ball
Wild Pitch!
Aaron Barraza to second
1-0: Fly out, F9 (Flyball, 89M, EV 83.1 MPH)
Bottom of the 9th over - 0 runs, 1 hit, 0 errors, 1 left on base; Niagara Falls 9 - Columbus 8
Tuesday, September 13th , 2022 - OOTP Baseball 23.7 Build 88